 Dungeon Crawl Stone Soup version 0.25-a0-632-g7713895373 (webtiles) character file.

Game seed: 11322435802974260690, levelgen mode: classic

6005 EnegeticOcto the Carver (level 10, -4/69 HPs)
             Began as an Octopode Fighter on Mar 19, 2020.
             Was an Elder of Okawaru.
             Slain by a yak (18 damage)
             ... on level 10 of the Dungeon.
             The game lasted 00:07:27 (9834 turns).

EnegeticOcto the Carver (Octopode Fighter)          Turns: 9834, Time: 00:07:28

Health: -4/69      AC:  1    Str: 16    XL:     10   Next: 85%
Magic:  23/23      EV: 23    Int: 11    God:    Okawaru [****..]
Gold:   508        SH: 13    Dex: 14    Spells: 9/9 levels left

rFire    . . .     SeeInvis .   a - +1 long sword
rCold    + . .     Gourm    .   b - +1 kite shield
rNeg     + + .     Faith    .   (helmet restricted)
rPois    .         Spirit   .   (no amulet)
rElec    .         Reflect  .   c - ring of positive energy
rCorr    +         Harm     .   m - ring of positive energy
MR       .....                  d - +3 ring of evasion
Stlth    ++++......             s - ring of protection from cold
HPRegen  0.21/turn              u - ring of resist corrosion
MPRegen  0.18/turn              C - ring of magical power
                                (no ring)
                                (no ring)

@: heroism
A: almost no armour, stealthy swim, amphibious, 8 rings, constrict 8, camouflage
1, gelatinous body 1
a: Heroism, Renounce Religion


You were on level 10 of the Dungeon.
You worshipped Okawaru.
Okawaru was greatly pleased with you.
You were hungry.

You visited 1 branch of the dungeon, and saw 10 of its levels.

You collected 508 gold pieces.

Inventory:

Hand Weapons
 a - a +1 long sword (weapon)
Missiles
 g - 19 boomerangs (quivered)
 A - 6 silver javelins
Armour
 b - a +1 kite shield (worn)
Jewellery
 c - a ring of positive energy (left tentacle)
 d - a +3 ring of evasion (on tentacle)
 m - a ring of positive energy (right tentacle)
 s - a ring of protection from cold (on tentacle)
 u - a ring of resist corrosion (on tentacle)
 C - a ring of magical power (on tentacle)
Wands
 i - a wand of acid (4) {@v1}
 l - a wand of iceblast (8)
 w - a wand of clouds (8)
Scrolls
 h - 8 scrolls of identify {@r1}
 o - 2 scrolls of remove curse {@r6}
 r - 2 scrolls of enchant armour
 t - 2 scrolls of magic mapping {@r5}
 v - a scroll of blinking {@r3}
 x - 2 scrolls of enchant weapon
 y - a scroll of immolation {@r4}
Potions
 f - 3 potions of flight
 j - a potion of stabbing {@q5}
 k - 2 potions of might {@q3}
 n - 2 potions of lignification {@q7}
 p - 2 potions of cancellation
 q - 3 potions of curing {@q1}
 z - a potion of heal wounds {@q2}
Comestibles
 e - 20 rations


   Skills:
 + Level 6.8(11.8) Fighting
 * Level 9.0(14.0) Long Blades
 + Level 2.9(7.9) Throwing
 + Level 6.9(11.9) Dodging
 + Level 6.8(11.8) Shields
 + Level 5.6 Invocations
 + Level 5.6 Evocations


You had 9 spell levels left.
You didn't know any spells.
Your spell library was empty.

Dungeon Overview and Level Annotations

Branches:
Dungeon (10/15)            Temple (0/1) D:6            Lair (0/6) D:9
    Orc: D:9-12

Altars:
Ashenzari
Cheibriados
Dithmenos
Elyvilon
Hepliaklqana
Kikubaaqudgha
Makhleb
Nemelex Xobeh
Okawaru
Sif Muna
Trog
Uskayaw
Yredelemnul
Zin

Shops:
D:4 (*

Annotations:
D:5 3 runed translucent doors, MisterT's ghost, novice HOFi; mistymad's ghost, novice SpEn
D:7 1 runed translucent door, Thantalas's ghost, novice GnCK


Innate Abilities, Weirdness & Mutations

You cannot wear most types of armour.
You are very stealthy in the water. (Stealth+)
You are amphibious.
You can wear up to eight rings at the same time.
You can use your tentacles to constrict eight enemies at once.
Your skin changes colour to match your surroundings (Stealth+).
Your rubbery body absorbs attacks. (AC +1, EV +1)


Message History

You see here a shortbow.
You see here a cursed -2 short sword.
Done exploring.
Done exploring.
No target in view!
Search for what [Enter for "armour", or ? for help]?
Search for what [Enter for "armour", or ? for help]? long blade Done exploring.
Done exploring.
(D) Dungeon (T) Temple (L) Lair
Where to? (Enter - D:9, ? - help)
You see here a hand crossbow.
Things that are here:
a +0 dagger; a +0 robe; a spear
There is an open door here.
There is an open door here.
There is an open door here.
There is a stone staircase leading down here.
You climb downwards.
There is a stone staircase leading up here.
Found a mace.
A yak comes into view.
The yak bellows! 2 yaks come into view.
The yak bellows!
You barely miss the yak. You squeeze the yak!
The yak is moderately wounded.
The yak misses you.
You riposte.
You hit the yak but do no damage. You squeeze the yak, but do no damage.
The yak is moderately wounded.
You hit the yak but do no damage. You squeeze the yak, but do no damage.
The yak is moderately wounded.
The yak gores you!
You gain the combat prowess of a mighty hero.
You block the yak's attack.
You hit the yak.
The yak is moderately wounded.
The yak gores you!
You closely miss the yak.
The yak is moderately wounded.
You hit the yak but do no damage.
The yak is moderately wounded.
The yak gores you!
You are too injured to fight recklessly!
You are too injured to fight recklessly!
You are too injured to fight recklessly!
You are too injured to fight recklessly!
You are too injured to fight recklessly!
You are too injured to fight recklessly!
You are too injured to fight recklessly!
You are too injured to fight recklessly!
You block the yak's attack.
You feel like a meek peon again.
You gain the combat prowess of a mighty hero.
You block the yak's attack.
You slash the yak! You squeeze the yak!
The yak is heavily wounded.
You hit the yak but do no damage. You squeeze the yak!
The yak is severely wounded.
The yak gores you!
You barely miss the yak.
The yak is severely wounded.
You block the yak's attack.
You hit the yak. You squeeze the yak.
The yak is almost dead.
The yak gores you!
* * * LOW HITPOINT WARNING * * *
You hit the yak. You squeeze the yak.
The yak is almost dead.
You slash the yak!
You kill the yak!
Okawaru accepts your kill.
You slash the yak! Your squeeze misses the yak.
The yak is heavily wounded.
The yak completely misses you.
You are feeling hungry.
You hit the yak. Your squeeze misses the yak.
The yak is severely wounded.
The yak barely misses you.
You riposte.
You closely miss the yak.
The yak is severely wounded.
You hit the yak but do no damage.
Your tentacle-slap misses the yak.
The yak is severely wounded.
You hit the yak.
The yak is almost dead.
You block the yak's attack.
You hit the yak. You squeeze the yak.
You kill the yak!
Okawaru accepts your kill.
Your base Long Blades skill increases to level 9!
You barely miss the yak. You block the yak's attack.
You hit the yak but do no damage. The yak closely misses you.
You hit the yak but do no damage. You barely miss the yak.
You tentacle-slap the yak. You squeeze the yak!
The yak is moderately wounded.
The yak gores you.
* * * LOW HITPOINT WARNING * * *
You hit the yak. You squeeze the yak.
The yak is heavily wounded.
The yak gores you!!
You die...

.....................)#
.......#.......#...#..#
##.....#...<.......#..#
......................#
##########...Y####....#
#..Y.# #....# #....#
#.#..# #####....#
#YY..# #.@Y.....#
#Y...# #.##.....#
#....# #.##.....#
#....# #....#####
#....# ###### #....#
#....# #....# #.##.#
#....#


You could see a yak.

Vanquished Creatures
  A two-headed ogre (D:7)
  Pikel (D:8)
  Maggie (D:8)
  Grinder (D:4)
  A spriggan (D:7)
  Eustachio (D:4)
  2 yaks (D:10)
  A hungry ghost (D:7)
  Menkaure (D:5)
  Edmund (D:5)
  2 orc warriors
  A sky beast (D:9)
  2 slaves (D:8)
  An ice beast (D:9)
  5 ogres
  A phantom (D:9)
  5 centaurs
  A big kobold (D:9)
  6 bullfrogs
  3 scorpions
  4 killer bees (D:9)
  3 howler monkeys
  3 crimson imps
  2 centaur zombies
  A bullfrog zombie (D:5)
  A centaur skeleton (D:8)
  4 hounds
  5 jellies
  4 orc priests
  5 orc wizards
  3 bullfrog skeletons
  6 iguanas
  3 worker ants
  Natasha (D:2)
  2 hound skeletons
  A hound zombie (D:4)
  13 adders
  3 gnolls (D:4)
  2 shadow imps (D:5)
  3 oozes
  An adder zombie (D:5)
  An adder skeleton (D:4)
  A worm (D:2)
  A dart slug (D:1)
  4 leopard geckos
  14 orcs
  4 ball pythons
  5 bats
  9 giant cockroaches
  5 goblins
  5 hobgoblins
  8 jackals
  A quokka (D:4)
  5 frilled lizards
  A jackal zombie (D:8)
  11 kobolds
  A leopard gecko skeleton (D:4)
  2 quokka skeletons
  7 rats
193 creatures vanquished.

Vanquished Creatures (others)
  A worker ant (D:8)
1 creature vanquished.

Grand Total: 194 creatures vanquished

Notes
Turn   | Place    | Note
-------+----------+-------------------------------------------
     0 | D:1      | EnegeticOcto the Octopode Fighter began the quest for the
                  | Orb.
     0 | D:1      | Reached XP level 1. HP: 16/16 MP: 1/1
   221 | D:1      | Reached XP level 2. HP: 21/21 MP: 2/2
   668 | D:1      | Reached XP level 3. HP: 23/26 MP: 3/3
  1133 | D:2      | Found a faded altar of an unknown god.
  1408 | D:2      | Reached skill level 3 in Long Blades
  1469 | D:2      | Reached XP level 4. HP: 26/31 MP: 4/4
  1943 | D:2      | Noticed Natasha
  1947 | D:2      | Killed Natasha
  2055 | D:2      | Found a shimmering blue altar of Sif Muna.
  2193 | D:3      | Reached XP level 5. HP: 36/36 MP: 5/5
  2768 | D:3      | Reached skill level 4 in Long Blades
  2771 | D:3      | Reached XP level 6. HP: 21/43 MP: 6/6
  3156 | D:4      | Found Burol's Weapon Shop.
  3170 | D:4      | Found an iron altar of Okawaru.
  3184 | D:4      | Became a worshipper of Warmaster Okawaru
  3198 | D:4      | Noticed Grinder
  3212 | D:4      | Killed Grinder
  3212 | D:4      | Reached * piety under Okawaru
  3212 | D:4      | Reached XP level 7. HP: 49/49 MP: 7/7
  3285 | D:4      | Reached skill level 5 in Long Blades
  3671 | D:4      | Found Zin's Purification Station.
  3671 | D:4      | Found a glowing silver altar of Zin.
  3750 | D:4      | Found a hazy altar of Hepliaklqana.
  3758 | D:4      | Reached skill level 1 in Evocations
  3779 | D:4      | Reached skill level 1 in Invocations
  3959 | D:4      | Noticed Eustachio
  3973 | D:4      | Killed Eustachio
  3973 | D:4      | Reached XP level 8. HP: 52/54 MP: 9/9
  4401 | D:5      | Entered Level 5 of the Dungeon
  4492 | D:5      | Reached skill level 5 in Dodging
  4557 | D:5      | Noticed Menkaure
  4565 | D:5      | Reached skill level 5 in Fighting
  4567 | D:5      | Reached skill level 6 in Long Blades
  4768 | D:5      | Killed Menkaure
  4768 | D:5      | Reached skill level 5 in Shields
  4802 | D:5      | Found an iron altar of Okawaru.
  4939 | D:5      | Noticed Edmund
  4954 | D:5      | Killed Edmund
  4954 | D:5      | Reached ** piety under Okawaru
  4994 | D:5      | Found a white marble altar of Elyvilon.
  5117 | D:5      | Found a runed translucent gate.
  5117 | D:5      | Found a runed translucent gate.
  5117 | D:5      | Found a runed translucent gate.
  5117 | D:5      | Noticed mistymad's ghost (novice SpEn)
  5118 | D:5      | Noticed MisterT's ghost (novice HOFi)
  5444 | D:6      | Found a staircase to the Ecumenical Temple.
  5783 | D:6      | Reached XP level 9. HP: 61/61 MP: 11/11
  5957 | D:6      | Found a bloodstained altar of Trog.
  6000 | D:6      | Found a shadowy altar of Dithmenos.
  6227 | D:6      | Reached skill level 7 in Long Blades
  6410 | D:7      | Found an ancient bone altar of Kikubaaqudgha.
  6410 | D:7      | Found a snail-covered altar of Cheibriados.
  6494 | D:7      | Found a runed translucent door.
  6494 | D:7      | Noticed Thantalas's ghost (novice GnCK)
  6494 | D:7      | Noticed a two-headed ogre
  6508 | D:7      | Killed a two-headed ogre
  6667 | D:7      | Reached *** piety under Okawaru
  7368 | D:8      | Reached skill level 1 in Throwing
  7368 | D:8      | Reached XP level 10. HP: 43/68 MP: 13/13
  7380 | D:8      | Noticed Pikel
  7402 | D:8      | Killed Pikel
  7402 | D:8      | Received a gift from Okawaru
  7402 | D:8      | Reached skill level 8 in Long Blades
  7527 | D:8      | Found a hide-covered altar of Uskayaw.
  7566 | D:8      | Found a shattered altar of Ashenzari.
  7916 | D:8      | Reached skill level 5 in Evocations
  7997 | D:8      | Noticed Maggie
  8010 | D:8      | Killed Maggie
  8010 | D:8      | Reached skill level 5 in Invocations
  8455 | D:9      | Reached **** piety under Okawaru
  8833 | D:9      | Found a staircase to the Lair.
  8953 | D:9      | Found a basalt altar of Yredelemnul.
  9214 | D:9      | Found a sparkling altar of Nemelex Xobeh.
  9447 | D:9      | Found a burning altar of Makhleb.
  9744 | D:10     | Entered Level 10 of the Dungeon
  9829 | D:10     | Reached skill level 9 in Long Blades
  9834 | D:10     | Slain by a yak

Levels and vault maps discovered:
D:1:      dpeg_arrival_pits, layout_loops_ring
D:2:      layout_loops_ring, lemuel_blue_sif_altar,
          chequers_ecumenical_altar_island, uniq_natasha
D:3:      layout_basic
D:4:      layout_basic, zin_purify, kennysheep_mini_moat, serial_shops, shop,
          first_ration, okawaru_metal_pillars_1_2, uniq_eustachio, uniq_grinder
D:5:      layout_basic, lemuel_coloured_pillars_altar, elyvilon_altar_5,
          gammafunk_ghost_cemetery, uniq_edmund, uniq_menkaure
D:6:      layout_basic, grunt_dithmenos_smoke, lemuel_round_altar,
          minmay_temple_entry_enclosed_plants, grunt_ministairs_14,
          skrybe_limestone_x
D:7:      layout_gridville, chequers_temple_overflow_statue_of_worship,
          serial_rivers, chequers_serial_rivers_micro_e,
          chequers_serial_rivers_micro_c, chequers_serial_rivers_small_a,
          chequers_serial_rivers_micro_a, chequers_serial_rivers_small_3,
          ebering_ghost_reflecting_pool, the_bakery
D:8:      layout_basic, lemuel_round_altar, basic_altar, uniq_maggie, uniq_pikel
D:9:      wad_crossroads, layout_basic, yredelemnul_altar_generic,
          lemuel_doored_altar, lemuel_crystal_altar
D:10:     layout_stronghold, zombieorc2_lemuel, uniq_maurice, uniq_sonja,
          uniq_grum, uniq_urug

Skill      XL: |  1  2  3  4  5  6  7  8  9 10 |
---------------+-------------------------------+-----
Long Blades    | 3 4 5 6 7 9 |  9.0
Dodging        | 4 5 6 |  6.9
Fighting       | 4 5 6 |  6.8
Shields        | 4 5 6 |  6.8
Evocations     | 1 3 4 5 |  5.6
Invocations    | 1 3 4 5 |  5.6
Throwing       | 1 2 |  2.9

Action                   |  1- 3 |  4- 6 |  7- 9 | 10-12 || total
-------------------------+-------+-------+-------+-------++-------
Melee: Long sword        |    72 |    51 |   208 |   187 ||   518
       Constrict         |    21 |    19 |    47 |    32 ||   119
       Tentacles         |    12 |    13 |    66 |    61 ||   152
       Punch             |       |       |     2 |     4 ||     6
Throw: Boomerang         |       |       |    32 |       ||    32
Invok: Heroism           |       |       |     4 |     5 ||     9
  Use: Potion            |       |     1 |       |       ||     1
       Scroll            |       |     8 |     6 |     3 ||    17
 Stab: Sleeping          |     6 |     6 |     5 |     6 ||    23
       Distracted        |       |       |     1 |       ||     1
  Eat: Chunk             |     2 |     5 |    10 |     6 ||    23
       Ration            |       |       |     2 |       ||     2
Armor: Skin              |       |       |     4 |     1 ||     5
Dodge: Dodged            |    32 |    22 |   115 |    72 ||   241
Block: Kite shield       |    30 |    18 |   103 |    86 ||   237
       Rpst.: Long sword |     9 |     7 |    32 |    26 ||    74

Table legend:
 A = Non-vault XP
 B = Vault XP
 C = Vault XP percentage of total XP
 D = Non-vault monster count
 E = Vault monster count
 F = Vault count percentage of total count
                 A         B        C        D         E       F
            +---------+---------+-------+---------+---------+-------
      Total |    6121 |    2458 |  28.7 |     177 |      14 |   7.3
            +---------+---------+-------+---------+---------+-------
        D:1 |      48 |       0 |   0.0 |      25 |       0 |   0.0
        D:2 |      80 |      33 |  29.2 |      27 |       1 |   3.6
        D:3 |     178 |       0 |   0.0 |      15 |       0 |   0.0
        D:4 |     602 |     470 |  43.8 |      26 |       2 |   7.1
        D:5 |     394 |     334 |  45.9 |      15 |       2 |  11.8
        D:6 |     516 |      97 |  15.8 |      10 |       2 |  16.7
        D:7 |    1373 |     211 |  13.3 |       7 |       1 |  12.5
        D:8 |     871 |     988 |  53.1 |      22 |       2 |   8.3
        D:9 |    1661 |     325 |  16.4 |      28 |       4 |  12.5
       D:10 |     398 |       0 |   0.0 |       2 |       0 |   0.0
            +---------+---------+-------+---------+---------+-------
